 Dungeon Crawl Stone Soup version 0.20.1-1-g8b1a95d (webtiles) character file.

128 vineage the Twirler (level 4, -9/34 HPs)
             Began as a Demonspawn Gladiator on Aug 20, 2017.
             Killed by divine providence
             ... invoked by an orc priest
              (11 damage)
             ... on level 3 of the Dungeon.
             The game lasted 00:04:06 (1287 turns).

vineage the Twirler (Demonspawn Gladiator)          Turns: 1287, Time: 00:04:07

Health: -9/34      AC:  4    Str: 16    XL:     4   Next: 86%
Magic:  4/4        EV: 13    Int:  9    God:
Gold:   61         SH:  2    Dex: 14    Spells: 3/3 levels left

rFire    + . .     SeeInvis .   a - +0 quarterstaff
rCold    . . .     Gourm    .   (shield currently unavailable)
rNeg     . . .     Faith    .   b - +0 leather armour
rPois    .         Spirit   .   c - +0 helmet
rElec    .         Reflect  +   (no cloak)
rCorr    .         Harm     .   (no gloves)
MR       .....                  (no boots)
Stlth    +.........             k - +2 amulet of reflection
Regen    0.2/turn               i - ring of flight
MPRegen  0.1/turn               j - ring of wizardry

@: no status effects
A: talons 1, fire resistance 1
a: Evoke Flight


You were on level 3 of the Dungeon.
You were not hungry.

You visited 1 branch of the dungeon, and saw 3 of its levels.

You collected 61 gold pieces.

Inventory:

Hand Weapons
 a - a +0 quarterstaff (weapon)
Missiles
 d - 3 throwing nets (quivered)
Armour
 b - a +0 leather armour (worn)
 c - a +0 helmet (worn)
Jewellery
 i - a ring of flight (left hand)
 j - a ring of wizardry (right hand)
 k - a +2 amulet of reflection (around neck)
 o - an uncursed amulet of regeneration {unknown}
Scrolls
 e - a scroll of random uselessness {unknown}
 m - a scroll of immolation {unknown}
 n - a scroll of identify {unknown}
 r - a scroll of enchant weapon {unknown}
 s - a scroll of teleportation {unknown}
Potions
 h - a potion of cancellation {unknown}
 p - a potion of invisibility {unknown}
 q - a potion of lignification {unknown}
Comestibles
 f - a bread ration
 l - a royal jelly


   Skills:
 + Level 2.8 Fighting
 + Level 4.1 Staves
 + Level 1.9 Throwing
 + Level 0.3 Armour
 + Level 3.3 Dodging


You had 3 spell levels left.
You didn't know any spells.

Dungeon Overview and Level Annotations

Branches:
Dungeon (3/15)

Altars:

Annotations:
D:2 Jessica, Sigmund
D:3 Natasha, Robin


Innate Abilities, Weirdness & Mutations

You have sharp toenails.
Your flesh is heat resistant. (rF+)


Message History

The hobgoblin shouts!
The goblin shouts!
You thump the orc!
You kill the orc!
Robin throws the goblin at you!
The goblin moves out of view.
The orc priest mumbles some strange prayers to Beogh against you.
Beogh smites you! The goblin barely misses you.
A goblin comes into view. It is wielding a club.
You closely miss the goblin.
The hobgoblin shouts!
The goblin shouts!
You claw the goblin.
You kill the goblin!
The orc wizard barely misses you.
The orc priest invokes the aid of Beogh against you.
Beogh smites you!
* * * LOW HITPOINT WARNING * * *
The orc wizard looks braver for a moment.
There is a stone staircase leading up here.
The orc priest mumbles some strange prayers to Beogh against you.
Beogh smites you!
You die...

## #.. ...
#.. ### #.#
.... #.#
.g...
#.#####og....
#..@.ohgogg..
#..####g##g##
#†#.# #
#.###.# #.#
#.# ## ##


You could see Robin, an orc priest, an orc wizard, Natasha, an orc, 3 hobgoblins
and 2 goblins.

Vanquished Creatures
  Natasha (twice) (D:2 D:3)
  2 adders (D:2)
  3 worms
  A dart slug (D:1)
  2 leopard geckos
  2 orcs (D:3)
  2 ball pythons
  5 bats (D:1)
  A giant cockroach (D:1)
  6 goblins
  4 hobgoblins
  3 jackals (D:1)
  2 frilled lizards
  5 kobolds
  6 rats
46 creatures vanquished.

Notes
Turn   | Place    | Note
-------+----------+-------------------------------------------
     0 | D:1      | vineage the Demonspawn Gladiator began the quest for the Orb.
     0 | D:1      | Reached XP level 1. HP: 16/16 MP: 1/1
   156 | D:1      | Gained mutation: You have sharp toenails. [demonic ancestry]
   156 | D:1      | Reached XP level 2. HP: 21/22 MP: 2/2
   281 | D:1      | Reached skill level 3 in Staves
   562 | D:1      | Reached XP level 3. HP: 27/28 MP: 3/3
   612 | D:2      | Noticed Jessica
   613 | D:2      | Noticed Sigmund
   687 | D:2      | Noticed Natasha
   695 | D:2      | Killed Natasha
   695 | D:2      | Gained mutation: Your flesh is heat resistant. (rF+) [demonic ancestry]
   695 | D:2      | Reached XP level 4. HP: 28/34 MP: 4/4
  1207 | D:3      | Noticed Natasha
  1214 | D:3      | Killed Natasha
  1214 | D:3      | Reached skill level 4 in Staves
  1273 | D:3      | Noticed Natasha
  1274 | D:3      | Noticed Robin
  1287 | D:3      | Killed from afar by an orc priest

Skill      XL: |  1  2  3  4 |
---------------+-------------+-----
Dodging        | 3 |  3.3
Staves         | 3 4 |  4.1
Fighting       | |  2.8
Throwing       | |  1.9
Armour         | |  0.3

Action                   |  1- 3 |  4- 6 || total
-------------------------+-------+-------++-------
Melee: Quarterstaff      |    67 |    43 ||   110
       Kick              |    11 |     9 ||    20
  Eat: Meat ration       |       |     1 ||     1
Armor: Leather armour    |    20 |    10 ||    30
Dodge: Dodged            |    57 |    25 ||    82
Block: Other             |     1 |     2 ||     3
